AoeStats
← Onestepbeyond

Arena

508459662Analyzed
1v1 RM · 8d ago on Sep 22, 2026· 36m 28s· 2 players
Game mode
Random Map
Map size
Tiny (2 player)
Population
200
Speed
Normal
Resources
Standard
Victory
Conquest
Starting age
Dark Age
Ending age
Imperial Age
RankedLock teamsTeams togetherTeam positionsShared explorationLock speedFull tech treeHidden civsTurbo modeCheats
Victory
Defeat
🇧🇴 Bohemians · Bolivia
836
+18
🇫🇷 Britons · France
870
-18
Sir 900s
10:47 Feudal Age
13:31 Loom
16:13 Castle Age
14:45 Double-Bit Axe
16:32 Horse Collar
19:16 Fervor
21:47 Pikeman
24:15 Sanctity
24:54 Redemption
29:28 Imperial Age
27:36 Elite Skirmisher
28:40 Fletching
31:16 Padded Archer Armor
31:43 Town Watch
33:12 Chemistry
33:39 Town Patrol
Onestepbeyond
9:11 Feudal Age
12:14 Loom
16:33 Castle Age
23:24 Double-Bit Axe
28:17 Horse Collar
32:40 Fletching
32:51 Padded Archer Armor
35:02 Wheelbarrow
34:13 Town Watch
37:11 Imperial Age
34:14 Pikeman
35:55 Wheelbarrow
Connection lost

Rejoining the realm…

Still unreachable

The connection could not be restored.

Session expired

The server has moved on; the page needs a fresh start.